 Dungeon Crawl Stone Soup version 0.28.0-53-g5a82cb258f (webtiles) character file.

Game seed: 12918396218545158316

100 DocClef the Skirmisher (level 4, 0/44 HPs)
             Began as a Draconian Fighter on June 15, 2022.
             Killed from afar by Natasha (7 damage)
             ... with a puff of flame
             ... on level 2 of the Dungeon.
             The game lasted 00:01:31 (1379 turns).

DocClef the Skirmisher (Draconian Fighter)          Turns: 1379, Time: 00:01:31

Health: 0/44       AC:  5    Str: 21    XL:     4   Next: 47%
Magic:  4/4        EV: 11    Int:  8    God:
Gold:   33         SH:  4    Dex: 10    Spells: 3/3 levels left

rFire   . . .      SeeInvis .   d - +0 short sword (elec)
rCold   . . .      Faith    .   b - +0 buckler
rNeg    . . .      Spirit   .   (armour unavailable)
rPois   .          Reflect  .   (helmet restricted)
rElec   .          Harm     .   (no cloak)
rCorr   .          Rampage  .   (no gloves)
Will    .....                   (no boots)
Stlth   +.........              (no amulet)
HPRegen 0.14/turn               (no ring)
MPRegen 0.09/turn               (no ring)

@: no status effects
A: AC +5, unfitting armour, cold-blooded
a: no special abilities


You were on level 2 of the Dungeon.
You visited 1 branch of the dungeon, and saw 2 of its levels.

You collected 33 gold pieces.

Inventory:

Hand Weapons
 a - a +0 war axe
 d - a +0 short sword of electrocution (weapon)
Armour
 b - a +0 buckler (worn)
Scrolls
 f - a scroll of torment {unknown}
 g - a scroll of silence {unknown}
Potions
 c - a potion of might
 e - 2 potions of haste {unknown}
 h - a potion of heal wounds {unknown}
 i - a potion of brilliance {unknown}


   Skills:
 + Level 5.9 Fighting
 - Level 2.0 Axes
 - Level 2.6 Dodging
 - Level 3.0 Shields


You had 3 spell levels left.
You didn't know any spells.
Your spell library contained the following spells:

 Spells                   Type           Power      Damage    Failure   Level
 Gell's Gravitas          Tloc           0%         N/A       86%         3
 Teleport Other           Tloc           0%         N/A       86%         3
 Dispersal                Tloc           0%         N/A       100%        6


Dungeon Overview and Level Annotations

Branches:
Dungeon (2/15)

Altars:

Annotations:
D:2 Natasha


Innate Abilities, Weirdness & Mutations

Your plain brown scales are hard. (AC +5)
You cannot fit into any form of body armour.
You are cold-blooded and may be slowed by cold attacks.


Message History

You hit Natasha. Lightning courses through Natasha!!
You kill Natasha!
Natasha growls in agony!
The white imp disappears in a puff of smoke!
No target in view!
Natasha, Servant of Life and Death comes into view.
She is carrying a wand of flame (21).
Natasha is nearby!
Natasha is nearby!
Natasha is nearby!
Natasha is nearby!
Natasha hisses angrily.
Natasha stares at you and mumbles some strange words.
You resist with some effort. Natasha casts a spell at you.
The magic dart hits you!
You are too injured to fight recklessly!
You are too injured to fight recklessly!
You are too injured to fight recklessly!
You are too injured to fight recklessly!
You are too injured to fight recklessly!
You closely miss Natasha.
Natasha mumbles some strange words.
You hit Natasha but do no damage. Natasha claws you.
You closely miss Natasha.
Natasha zaps a wand.
The puff of flame hits you!
* * * LOW HITPOINT WARNING * * *
You closely miss Natasha.
Natasha casts a spell.
Natasha barely misses you.
You closely miss Natasha. You tail-slap Natasha.
Natasha is lightly wounded.
Natasha claws you but does no damage.
You barely miss Natasha.
Natasha is lightly wounded.
The crimson imp blinks!
Natasha barely misses you.
You closely miss Natasha.
Natasha is lightly wounded.
Natasha wildly gestures.
Natasha shimmers violently.
Natasha zaps a wand.
The puff of flame hits you!
You die...

## .. ##### #.## #.....
#...####......
............. #####
#..#........
..5...####.#........
#5h@............
######............
#####...)..##..#......
##.....########........
#..##### ##.......
.######.## .......
......#.# .......
#......## .......
...##....## .......


You could see Natasha, a crimson imp (summoned) and a shadow imp (summoned).

Vanquished Creatures
  Natasha (twice) (D:2)
  An adder (D:2)
  A worm (D:2)
  A dart slug (D:2)
  7 bats
  3 endoplasms (D:1)
  A giant cockroach (D:1)
  4 goblins (D:1)
  A hobgoblin (D:1)
  2 quokkas (D:1)
  4 ball pythons (D:1)
  6 frilled lizards (D:1)
  4 kobolds
  4 rats (D:1)
41 creatures vanquished.

Notes
Turn   | Place    | Note
-------+----------+-------------------------------------------
     0 | D:1      | DocClef the Draconian Fighter began the quest for the Orb.
     0 | D:1      | Reached XP level 1. HP: 19/19 MP: 1/1
   256 | D:1      | Reached XP level 2. HP: 24/27 MP: 2/2
   266 | D:1      | Reached skill level 4 in Fighting
   697 | D:1      | Reached XP level 3. HP: 32/34 MP: 3/3
  1247 | D:2      | Noticed Natasha
  1264 | D:2      | Killed Natasha
  1265 | D:2      | Reached skill level 5 in Fighting
  1275 | D:2      | Reached XP level 4. HP: 21/42 MP: 4/4
  1349 | D:2      | Noticed Natasha
  1356 | D:2      | Killed Natasha
  1368 | D:2      | Noticed Natasha
  1379 | D:2      | Killed from afar by Natasha

Illustrated notes

Levels and vault maps discovered:
D:1:      psy_arrival_conway, layout_basic
D:2:      layout_rooms, chequers_ecumenical_altar_simple_redux, serial_glass,
          glass_columns_a, glass_columns_a, uniq_natasha

Skill      XL: |  1  2  3 |
---------------+----------+-----
Fighting       | 4 5 |  5.9
Axes           | |  2.0
Dodging        | |  2.6
Shields        | |  3.0

Action                   |  1- 3 |  4- 6 || total
-------------------------+-------+-------++-------
Melee: War axe           |    21 |       ||    21
       Tailslap          |     6 |     3 ||     9
       Short sword       |    71 |    21 ||    92
 Stab: Sleeping          |     3 |       ||     3
Armor: Skin              |    34 |     2 ||    36
Dodge: Dodged            |    57 |     5 ||    62
Block: Buckler           |    23 |     3 ||    26
